 Seeded DCSS version 0.30-a0-125-g51eefa89be (webtiles) character file.

Game seed: 18168638616186862194 (custom seed)

17395 ravioli the Summoner (level 12, 0/68 HPs)
             Began as an Octopode Summoner on Sept 18, 2022.
             Was an Initiate of Gozag.
             Slain by a bullfrog (6 damage)
             ... on level 2 of the Lair of Beasts on Sept 19, 2022.
             The game lasted 00:40:37 (13236 turns).

ravioli the Summoner (Octopode Summoner)           Turns: 13236, Time: 00:40:38

Health: 0/68       AC:  1    Str: 16    XL:     12   Next: 47%
Magic:  10/28      EV: 15    Int: 29    God:    Gozag
Gold:   931        SH:  0    Dex: 12    Spells: 18/35 levels left

rFire   . . .      SeeInvis .    h - +7 dagger "Vigaga" {spect, Fragile Str+3 Int+6 Stlth+}
rCold   . . .      Faith    .    (no shield)
rNeg    + . .      Spirit   .    (helmet restricted)
rPois   .          Reflect  .    c - amulet of regeneration
rElec   .          Harm     .    g - +6 ring of strength
rCorr   .          Rampage  .    k - ring of positive energy
Will    .....                    B - ring of wizardry
Stlth   +++++.....               (no ring)
HPRegen 1.01/turn                (no ring)
MPRegen 0.21/turn                (no ring)
                                 (no ring)
                                 (no ring)

@: marked, gold aura, slowed, very slow
A: almost no armour, amphibious, 8 rings, camouflage 1, gelatinous body 1,
(nimble swimmer 1), tentacles
a: Renounce Religion, Potion Petition, Call Merchant, Bribe Branch


You were on level 2 of the Lair of Beasts.
You worshipped Gozag.
Gozag was pleased with you.
You visited 3 branches of the dungeon, and saw 12 of its levels.

You collected 1902 gold pieces.
You spent 420 gold pieces at shops.
You paid 551 gold pieces to Gozag.

Inventory:

Hand Weapons
 h - the +7 dagger "Vigaga" (weapon) {spect, Fragile Str+3 Int+6 Stlth+}
   (You found it on level 3 of the Dungeon)

   When its wielder attacks, the weapon's spirit leaps out and strikes again.
   The spirit shares a part of any damage it takes with its wielder.
   Str:       It affects your strength (+3).
   Int:       It affects your intelligence (+6).
   Fragile:   It will be destroyed if unequipped.
   Stlth:     It makes you more stealthy.
Missiles
 p - 3 throwing nets
Jewellery
 c - an amulet of regeneration (around mantle)
 g - a +6 ring of strength (left tentacle)
 k - a ring of positive energy (right tentacle)
 B - a ring of wizardry (on tentacle)
 E - an amulet of guardian spirit
 H - an amulet of the acrobat
Wands
 v - a wand of polymorph (10)
 x - a wand of mindburst (11)
Scrolls
 d - 4 scrolls of enchant weapon
 e - 2 scrolls of acquirement {unknown}
 l - 2 scrolls of fear {unknown}
 n - a scroll of amnesia {unknown}
 o - 3 scrolls of noise
 r - a scroll of torment {unknown}
 s - a scroll of magic mapping {unknown}
 t - a scroll of poison {unknown}
 u - a scroll of silence
 w - 6 scrolls of teleportation
 y - a scroll of immolation {unknown}
 D - a scroll of enchant armour {unknown}
 F - 3 scrolls of identify
 G - a scroll of blinking {unknown}
 I - a scroll of vulnerability {unknown}
 L - a scroll of fog {unknown}
Potions
 a - 3 potions of magic
 b - 2 potions of degeneration {unknown}
 f - 3 potions of lignification
 i - 2 potions of heal wounds
 j - a potion of brilliance {unknown}
 m - a potion of resistance {unknown}
 q - a potion of cancellation {unknown}
 z - 2 potions of flight {unknown}
 A - 2 potions of curing
 C - a potion of invisibility {unknown}
 J - a potion of ambrosia {unknown}
 K - a potion of might {unknown}
 M - a potion of haste {unknown}


   Skills:
 - Level 1.0 Fighting
 + Level 6.2 Dodging
 + Level 6.0 Stealth
 + Level 0.3 Unarmed Combat
 + Level 12.1 Spellcasting
 + Level 2.9 Hexes
 + Level 13.9 Summonings
 + Level 3.5 Air Magic


You had 18 spell levels left.
You knew the following spells:

 Your Spells              Type           Power      Damage    Failure   Level
a - Summon Small Mammal   Summ           100%       N/A       0%          1
b - Call Canine Familiar  Summ           78%        N/A       1%          3
c - Summon Guardian Gole  Hex/Summ       61%        N/A       1%          3
d - Summon Lightning Spi  Summ/Air       62%        N/A       1%          4
e - Summon Cactus Giant   Summ           39%        N/A       1%          6

Your spell library contained the following spells:

 Spells                   Type           Power      Damage    Failure   Level
 Call Imp                 Summ           78%        N/A       0%          2
 Scorch                   Fire           34%        2d6       1%          2
 Anguish                  Hex/Necr       13%        N/A       6%          4
 Flame Wave               Conj/Fire      17%        2d7       12%         4
 Blade Hands              Tmut           8%         N/A       32%         5
 Dispersal                Tloc           8%         N/A       86%         6
 Iron Shot                Conj/Erth      8%         9d3       86%         6
 Enfeeble                 Hex            17%        N/A       95%         7
 Disjunction              Tloc           8%         N/A       100%        8
 Animate Armour           Summ/Erth      Unusable   N/A       N/A         4

Dungeon Overview and Level Annotations

Branches:
Dungeon (9/15)             Temple (1/1) D:6            Lair (2/5) D:8
 Spider (0/4) Lair:2
  Swamp: Lair:2-3    Shoals: Lair:2-3       Orc: D:9-12

Altars:
Ashenzari
Cheibriados
Dithmenos
Elyvilon
Gozag
Hepliaklqana
Kikubaaqudgha
Makhleb
Nemelex Xobeh
Okawaru
Sif Muna
Trog
Uskayaw
Vehumet
Wu Jian
Xom
Yredelemnul
Zin
The Shining One

Shops:
D:3 =   Lair:1 !

Annotations:
D:4 3 runed translucent doors, SigmundSlayer's ghost, amateur GrFi
D:6 1 runed translucent door, Crazy Yiuf
Lair:2 Erica


Innate Abilities, Weirdness & Mutations

You cannot wear most types of armour.
You are amphibious.
You can wear up to eight rings at the same time.
Your skin changes colour to match your surroundings (Stealth+).
Your rubbery body absorbs attacks. (AC +1, EV +1)
((You are camouflaged when in or above water. (Stealth+)))
You have tentacles for arms and can constrict up to eight enemies at once.


Message History

Casting: Call Canine Familiar (safe; 1% risk of failure)
Confirm with . or Enter, or press ? or * to list all spells.
An electric hum fills the air.
The lindwurm is no longer distracted by gold.
The lindwurm is struck by your cactus giant's spines.
The lindwurm bites your cactus giant.
The lindwurm claws your cactus giant. x2
You feel yourself slow down.
Your cactus giant hits the lindwurm with a +0 giant spiked club!
A bullfrog comes into view.
You hear some strange, mumbled words.
A lance of force appears from out of thin air!
The lance of force hits you!
You are knocked back by the lance of force.
You slam into the rock wall!
Something tries to affect you, but you resist.
Your warg misses something.
Your warg bites something!
Your warg barely misses something.
The lindwurm is struck by your cactus giant's spines.
The lindwurm bites your cactus giant.
The lindwurm claws your cactus giant but does no damage.
The lindwurm claws your cactus giant.
Your cactus giant hits the lindwurm with a +0 giant spiked club!
The lindwurm dies!
Your warg closely misses the bullfrog.
Something hits you! Something burns you. The bullfrog completely misses you.
Your warg bites something.
The bullfrog hits you.
You hear a shout!
You hit something but do no damage.
Your +7 dagger "Vigaga" {spect, Fragile Str+3 Int+6 Stlth+} hits something.
Your warg bites something!
The bullfrog closely misses you. Something hits you!
* * * LOW HITPOINT WARNING * * *
Something burns you!
* * * LOW HITPOINT WARNING * * *
The redback bites your +7 dagger "Vigaga" {spect, Fragile Str+3 Int+6 Stlth+}!
Your spectral weapon shares its damage with you!
* * * LOW HITPOINT WARNING * * *
Your warg bites something but does no damage.
The bullfrog hits you.
You die...
Your body crumbles into a pile of gold.

## ### ######## #.#
#######.###.#.##.##..#####
##.........................
............#.#.###.......#
....##.P##...##.#FP......##
...#...###..#.##@.h........
..###...##..P....(s.....###
..# ##..###.......#....##
.## #..## ##.P##P.C.#8## .#
#..# ########$.## .# #.P#
#$.# .# #.## P$## .####.#
#k# ..##..## $s.


You could see a redback, a bullfrog, a friendly cactus giant (summoned), a
friendly warg (summoned), a friendly +7 dagger "Vigaga" {spect, Fragile Str+3
Int+6 Stlth+} (summoned) and a friendly lightning spire (summoned).

Vanquished Creatures
  A cane toad (Lair:2)
  A blink frog (Lair:1)
  2 water moccasins
  A bullfrog (Lair:1)
  2 killer bees (D:9)
  A hound (D:5)
  An orc wizard (D:3)
  A scorpion zombie (D:4)
  A white imp (D:7)
  An orc (D:3)
  An endoplasm (D:3)
  A hobgoblin (D:1)
  6 jackals (D:1)
  2 quokkas (D:1)
  A bat (D:1)
23 creatures vanquished.

Vanquished Creatures (collateral kills)
  3 death yaks (D:8)
  A lindwurm (Lair:2)
  2 black mambas
  5 elephants (Lair:2)
  6 cane toads
  Psyche (D:8)
  Maggie (D:7)
  4 komodo dragons
  2 trolls (D:9)
  A hornet (D:9)
  8 blink frogs
  A wyvern (D:8)
  9 yaks
  Grum (D:8)
  A redback (Lair:2)
  3 steam dragons
  Edmund (D:6)
  2 water moccasins
  An acid dragon (D:8)
  An ice beast (D:5)
  3 orc warriors
  2 black bears
  A sky beast (D:6)
  3 ogres
  2 centaurs (D:9)
  3 wolves (D:8)
  2 phantoms
  Blork the orc (D:6)
  2 kobold brigands (D:8)
  9 bullfrogs
  3 scorpions
  5 wights (D:8)
  3 killer bees (D:9)
  2 howler monkeys
  7 hounds
  3 orc priests
  3 gnoll boudas
  3 jellies (D:6)
  3 orc wizards
  Natasha (D:2)
  2 iguanas
  A scorpion zombie (D:4)
  4 hell rats (Lair:2)
  9 gnolls
  7 adders
  2 river rats (D:8)
  2 shadow imps (D:6)
  3 ufetubi (D:5)
  4 worms
  A dart slug (D:4)
  27 orcs
  7 ball pythons
  6 endoplasms
  A giant cockroach (D:3)
  10 goblins
  4 hobgoblins
  9 jackals
  A quokka (D:8)
  A bat (D:1)
  3 frilled lizards (D:1)
  9 kobolds
  5 rats
233 creatures vanquished.

Vanquished Creatures (others)
  A black bear (D:5)
  21 fungi
  28 plants
50 creatures vanquished.

Grand Total: 306 creatures vanquished

Notes
Turn   | Place    | Note
-------+----------+-------------------------------------------
     0 | D:1      | ravioli the Octopode Summoner began the quest for the Orb.
     0 | D:1      | Reached XP level 1. HP: 11/11 MP: 3/3
   287 | D:1      | Reached XP level 2. HP: 17/17 MP: 0/5
  1035 | D:1      | Reached XP level 3. HP: 13/21 MP: 0/6
  1245 | D:1      | Found a faded altar of an unknown god.
  1584 | D:1      | Reached skill level 5 in Dodging
  1584 | D:1      | Reached skill level 5 in Spellcasting
  1584 | D:1      | Reached skill level 8 in Summonings
  1584 | D:1      | Reached XP level 4. HP: 27/27 MP: 7/11
  1589 | D:1      | Learned a level 3 spell: Call Canine Familiar
  1593 | D:1      | Learned a level 3 spell: Summon Guardian Golem
  1844 | D:3      | Identified the +7 dagger "Vigaga" {spect, Fragile Str+3
                  | Int+6 Stlth+}
  1994 | D:2      | Learned a level 4 spell: Summon Lightning Spire
  2061 | D:3      | Reached XP level 5. HP: 28/31 MP: 8/12
  2378 | D:4      | Reached skill level 9 in Summonings
  2486 | D:5      | Entered Level 5 of the Dungeon
  2521 | D:5      | Noticed a black bear
  2539 | D:5      | Killed a black bear
  2540 | D:5      | Reached XP level 6. HP: 37/37 MP: 9/14
  2565 | D:5      | Noticed an ice beast
  2579 | D:5      | Killed an ice beast
  2880 | D:5      | Noticed a black bear
  2880 | D:5      | Noticed a water moccasin
  2973 | D:5      | Reached XP level 7. HP: 42/42 MP: 11/16
  3021 | D:5      | Reached skill level 1 in Hexes
  3043 | D:6      | Noticed Blork the orc
  3054 | D:6      | Killed Blork the orc
  3220 | D:6      | Found an ancient bone altar of Kikubaaqudgha.
  3321 | D:6      | Reached XP level 8. HP: 38/47 MP: 5/17
  3535 | D:6      | Noticed Edmund
  3743 | D:6      | Found a staircase to the Ecumenical Temple.
  3753 | Temple   | Entered the Ecumenical Temple
  3767 | Temple   | Became a worshipper of Gozag Ym Sagoz the Greedy
  3898 | D:4      | Found a runed translucent gate.
  3898 | D:4      | Found a runed translucent gate.
  3898 | D:4      | Found a runed translucent gate.
  3898 | D:4      | Noticed SigmundSlayer's ghost (amateur GrFi)
  4015 | D:2      | Noticed Natasha
  4019 | D:2      | Killed Natasha
  4617 | D:3      | Found Erovobae's Jewellery Boutique.
  5325 | D:4      | Found a basalt altar of Yredelemnul.
  5547 | D:5      | Reached XP level 9. HP: 52/52 MP: 16/20
  5667 | D:5      | Reached skill level 5 in Stealth
  5752 | D:5      | Identified the +5 falchion of the Oily God {vorpal, Drain
                  | rElec Dex+6}
  5783 | D:5      | Reached skill level 1 in Fighting
  6008 | D:6      | Learned a level 6 spell: Summon Cactus Giant
  6307 | D:6      | Killed Edmund
  6538 | D:3      | Bought a ring of wizardry for 420 gold pieces
  6596 | D:6      | Found an ornate altar of the Wu Jian Council.
  6597 | D:6      | Found a glowing silver altar of Zin.
  6597 | D:6      | Found a shimmering blue altar of Sif Muna.
  6597 | D:6      | Found a radiant altar of Vehumet.
  6597 | D:6      | Found a glowing golden altar of the Shining One.
  6599 | D:6      | Found a bloodstained altar of Trog.
  6602 | D:6      | Found a sparkling altar of Nemelex Xobeh.
  6603 | D:6      | Found a burning altar of Makhleb.
  6773 | D:6      | Found a runed translucent door.
  6774 | D:6      | Noticed Crazy Yiuf
  7011 | D:7      | Noticed Maggie
  7883 | D:7      | Killed Maggie
  7884 | D:7      | Reached skill level 10 in Summonings
  8345 | D:8      | Noticed Grum
  8357 | D:8      | Killed Grum
  8394 | D:8      | Reached XP level 10. HP: 58/58 MP: 11/22
  8583 | D:8      | Noticed a death yak
  8590 | D:8      | Killed a death yak
  8591 | D:8      | Reached skill level 1 in Air Magic
  8756 | D:8      | Noticed a death yak
  8758 | D:8      | Found a staircase to the Lair.
  8767 | D:8      | Killed a death yak
  8768 | D:8      | Reached skill level 11 in Summonings
  9007 | D:8      | Noticed a death yak
  9021 | D:8      | Killed a death yak
  9688 | D:8      | Noticed Psyche
  9696 | D:8      | Killed Psyche
  9925 | D:9      | Reached skill level 10 in Spellcasting
  9931 | D:9      | Reached XP level 11. HP: 63/63 MP: 5/25
 10426 | Lair:1   | Entered Level 1 of the Lair of Beasts
 10754 | Lair:1   | Reached skill level 12 in Summonings
 11011 | Lair:1   | Identified the +8 halberd of Xadidyoff {spect, SInv}
 12278 | Lair:2   | Reached skill level 13 in Summonings
 12280 | Lair:2   | Reached XP level 12. HP: 68/68 MP: 10/27
 13082 | Lair:2   | Found a hole to the Spider Nest.
 13215 | Lair:2   | Noticed Erica
 13236 | Lair:2   | Slain by a bullfrog

Illustrated notes

Levels and vault maps discovered:
D:1:      dpeg_arrival_pits, layout_basic, dilly_ecumenical_altar_fadedgnrine
D:2:      layout_basic, minmay_distorted, uniq_natasha
D:3:      layout_basic, serial_shops, nicolae_shop_waterfront
D:4:      layout_gridville, nicolae_yredelemnul_ghost_church
D:5:      minmay_evil_eye, layout_rooms
D:6:      layout_basic, minitemple, minmay_temple_entry_ruins, serial_curves,
          eino_curves_02, eino_curves_03, minmay_checkerbox, uniq_edmund,
          uniq_blork_the_orc, uniq_crazy_yiuf_cottage
D:7:      layout_basic, uniq_maggie
D:8:      layout_basic, dpeg_lair_monsters, uniq_grum, uniq_psyche
D:9:      layout_loops_ring, fedhas_altar_3,
          kennysheep_orc_monster_closet_entryway, enter_bailey_3, serial_bayou,
          serial_bayou_pond_b, serial_bayou_shore_a, serial_bayou_pond_e,
          serial_bayou_pond_b, minivault_8
Temple:   hellmonk_temple_rainy
Lair:1:   layout_cave_pods, serial_bayou_shore_b, lemuel_fruit_tree,
          grunt_megastairs_1
Lair:2:   layout_loops_ring, spider_nest_entry_webs, uniq_erica

Skill      XL: |  1  2  3  4  5  6  7  8  9 10 11 12 |
---------------+-------------------------------------+-----
Dodging        | 5 6 |  6.2
Spellcasting   | 5 6 7 8 10 11 12 | 12.1
Summonings     | 8 9 10 11 13 | 13.9
Stealth        | 3 4 5 6 |  6.0
Hexes          | 1 2 |  2.9
Fighting       | 1 |  1.0
Air Magic      | 2 3 |  3.5
Unarmed Combat | |  0.3

Action                   |  1- 3 |  4- 6 |  7- 9 | 10-12 || total
-------------------------+-------+-------+-------+-------++-------
Melee: Unarmed           |    30 |       |       |       ||    30
       Tentacles         |    14 |       |     2 |     6 ||    22
       Constrict         |    10 |       |     3 |     3 ||    16
       Punch             |     2 |       |       |     1 ||     3
       Dagger            |       |     1 |    11 |    19 ||    31
 Cast: Summon Small Mamm |    42 |     7 |       |       ||    49
       Call Canine Famil |       |    12 |    29 |    39 ||    80
       Summon Guardian G |       |     2 |     4 |     2 ||     8
       Summon Lightning  |       |       |     6 |    23 ||    29
       Summon Cactus Gia |       |       |     4 |    38 ||    42
Invok: Call Merchant     |       |       |       |     1 ||     1
Evoke: Wand              |       |       |       |     1 ||     1
  Use: Potion            |     1 |       |       |     5 ||     6
       Scroll            |       |       |     6 |     1 ||     7
Armor: Skin              |     8 |     1 |       |     1 ||    10
Dodge: Dodged            |    64 |    19 |    14 |    51 ||   148

Table legend: (Time is in decaauts)
 A = Elapsed time spent in this place.
 B = Non-inter-level travel time spent in this place.
 C = Inter-level travel time spent in this place.
 D = Time resting spent in this place.
 E = Time spent auto-exploring this place.
 F = Levels seen in this place.
 G = Mean time per level.
                   A        B        C        D        E       F      G
               +--------+--------+--------+--------+--------+-----+--------+
         Total |  13242 |  11846 |   1396 |   3880 |   5619 |  12 | 1103.5 |
       Dungeon |  10399 |   9058 |   1341 |   2868 |   4271 |   9 | 1155.4 |
        Temple |     30 |     17 |     13 |      0 |      0 |   1 |   30.0 |
          Lair |   2812 |   2771 |     41 |   1012 |   1348 |   2 | 1406.0 |
               +--------+--------+--------+--------+--------+-----+--------+

Top non-repeatable levels by time:
  Lair:1: 1685 daAuts
     D:1: 1680 daAuts
     D:6: 1593 daAuts
     D:7: 1544 daAuts
     D:8: 1442 daAuts
  Lair:2: 1126 daAuts
     D:4: 1090 daAuts
     D:5: 1058 daAuts
     D:2: 762 daAuts
     D:3: 673 daAuts
     D:9: 551 daAuts
  Temple: 30 daAuts
